 Dungeon Sprint DCSS version 0.30-a0-802-gb92711bcdf (webtiles) character file.

Game seed: 12289692898975681485

35996 retardedninja the Executioner (level 13, -24/202 (205) HPs)
             Began as a Minotaur Fighter on Feb 24, 2023.
             Was an Initiate of Gozag.
             Killed from afar by Kieten the pandemonium lord (50 damage)
             ... with an arc of chain lightning
             ... in the Dungeon (Sprint V: "Ziggurat Sprint").
             The game lasted 00:06:56 (1069 turns).

retardedninja the Executioner (Minotaur Fighter)    Turns: 1069, Time: 00:06:56

HP:   -24/202 (205) AC: 22    Str: 36    XL:     13   Next: 50%
MP:   10/10         EV:  2    Int:  5    God:    Gozag
Gold: 4838          SH: 32    Dex: 12    Spells: 12/12 levels left

rFire   + . .      SeeInvis +    E - +16 obsidian axe {drain, demonic, Mesm Drain Fly SInv}
rCold   + . .      Faith    .    D - +18 shield of the Gong {Loud rN+ Will+ rCorr EV-5}
rNeg    + . .      Spirit   .    (body armour currently unavailable)
rPois   +          Reflect  .    (helmet currently unavailable)
rElec   +          Harm     .    (cloak currently unavailable)
rCorr   +          Rampage  .    (gloves currently unavailable)
Will    +....      NoTele   +    (boots currently unavailable)
Stlth   ++++                     (no amulet)
HPRegen 0.53/turn                A - +6 ring of strength
MPRegen 0.12/turn                B - +6 ring of strength

@: mighty, tree-form, resistant, corroded, gold aura, mesmerised, slowed,
studying Dodging, silenced, lightly drained, very slow
A: stationary, stasis, torment immunity, boosted hp, (horns 2), (retaliatory
headbutt), (deformed body), low MP 1
a: End Transformation, Renounce Religion


You were in the Dungeon.
You worshipped Gozag.
Gozag was most pleased with you.
You were a tree.
You visited 1 branch You collected 5652 gold pieces.
You paid 814 gold pieces to Gozag.

Inventory:

Hand Weapons
 a - a +4 war axe of draining
 E - the +16 obsidian axe (weapon) {drain, demonic, Mesm Drain Fly SInv}
   (You found it in the Dungeon)

   Mesm:      Its wielder is mesmerised by any visible foes, and it cannot be
   unequipped while any foes are visible.
   SInv:      It lets you see invisible.
   Fly:       It grants you flight.
   Drain:     It drains your maximum health when unequipped.
Armour
 k - +5 gold dragon scales (melded)
 w - the +4 moon troll leather armour {Spirit, Regen++ MP+5}
   (You found it in the Dungeon)

   MP:        It affects your magic capacity (+5).
   Regen:     It increases your rate of health regeneration.
 D - the +18 shield of the Gong (worn) {Loud rN+ Will+ rCorr EV-5}
   (You found it in the Dungeon)

   Loud:      It is deafeningly noisy when blocking attacks.
   EV:        It affects your evasion (-5).
   rN:        It protects you from negative energy.
   rCorr:     It protects you from acid and corrosion.
   Will:      It increases your willpower.
Jewellery
 c - a ring of wizardry
 A - a +6 ring of strength (left branch)
 B - a +6 ring of strength (right branch)
Wands
 s - a wand of mindburst (6)
 t - a wand of iceblast (3)
 u - a wand of acid (7)
Scrolls
 j - 4 scrolls of blinking
 o - 4 scrolls of amnesia
 p - 7 scrolls of fog
 q - 5 scrolls of identify
 r - 2 scrolls of fear
Potions
 b - 2 potions of brilliance
 d - 6 potions of might
 e - 10 potions of curing
 f - 8 potions of heal wounds
 g - 4 potions of haste
 h - 7 potions of magic
 l - a potion of flight {unknown}
 m - 4 potions of resistance
Miscellaneous
 i - a box of beasts
 n - a condenser vane
 v - a phial of floods
 x - a phantom mirror
 C - a lightning rod (4/4)


   Skills:
 + Level 19.2 Fighting
 + Level 22.2(22.4) Axes
 - Level 4.9(15.4) Polearms
 + Level 16.5 Armour
 + Level 2.7 Dodging
 + Level 8.6 Stealth
 + Level 18.7 Shields
 + Level 3.2 Evocations


You had 12 spell levels left.
You didn't know any spells.
Your spell library contained the following spells:

 Spells                   Type           Power      Damage    Failure   Level
 Magic Dart               Conj           0%         1d3       61%         1
 Blink                    Tloc           0%         N/A       75%         2
 Cigotuvi's Dreadful Rot  Necr/Pois/Air  0%         N/A       75%         2
 Lesser Beckoning         Tloc           0%         N/A       75%         2
 Momentum Strike          Conj/Tloc      0%         3d8       75%         2
 Searing Ray              Conj           0%         2d4       75%         2
 Ozocubu's Armour         Ice            0%         N/A       93%         3
 Portal Projectile        Hex/Tloc       0%         N/A       93%         3
 Cause Fear               Hex            0%         N/A       100%        4
 Dispel Undead            Necr           0%         3d6       100%        4
 Fulminant Prism          Conj/Hex       0%         3d5       100%        4
 Manifold Assault         Tloc           0%         N/A       100%        4
 Petrify                  Tmut/Erth      0%         N/A       100%        4
 Alistair's Intoxication  Tmut/Pois      0%         N/A       100%        5
 Borgnjor's Vile Clutch   Necr/Erth      0%         N/A       100%        5
 Iskenderun's Battlesphe  Conj           0%         2d6       100%        5
 Lee's Rapid Deconstruct  Erth           0%         3d4*      100%        5
 Metabolic Englaciation   Hex/Ice        0%         N/A       100%        5
 Death Channel            Necr           0%         N/A       100%        6
 Eringya's Noxious Bog    Tmut/Pois      0%         N/A       100%        6
 Iron Shot                Conj/Erth      0%         9d1       100%        6
 Statue Form              Tmut/Erth      0%         N/A       100%        6
 Malign Gateway           Summ/Tloc      0%         N/A       100%        7
 Ozocubu's Refrigeration  Ice            0%         4d7       100%        7
 Spellforged Servitor     Conj/Summ      0%         N/A       100%        7
 Storm Form               Tmut/Air       0%         N/A       100%        7
 Summon Horrible Things   Summ           0%         N/A       100%        8


Dungeon Overview and Level Annotations

Branches:
Dungeon (1/1)

Altars:
Ashenzari
Cheibriados
Dithmenos
Elyvilon
Fedhas
Gozag
Hepliaklqana
Kikubaaqudgha
Makhleb
Nemelex Xobeh
Okawaru
Qazlal
Ru
Sif Muna
Trog
Uskayaw
Vehumet
Wu Jian
Xom
Yredelemnul
Zin
The Shining One
Jiyva
Lugonu


Innate Abilities, Weirdness & Mutations

You are a tree.
Your roots penetrate the ground, keeping you stationary.
You cannot be teleported.
You are immune to unholy pain and torment.
Your maximum health is greatly increased.
Your equipment is partially melded.
((You have a pair of horns on your head.))
((You reflexively headbutt those who attack you in melee.))
((Armour fits poorly on your strangely shaped body.))
Your magical capacity is low. (-10% MP)


Message History

The cacodemon hits your sun demon but does no damage.
The cacodemon hits your sun demon!
Your sun demon dies!
Your sun demon disappears in a puff of smoke!
The ynoxinul hits you.
* * * LOW HITPOINT WARNING * * *
The ufetubus is distracted by your dazzling golden aura.
Midymn is distracted by your dazzling golden aura.
You feel much better.
Visions of slaying Semn flood into your mind.
You are engulfed in negative energy.
You resist. You partially resist.
You feel drained.
* * * LOW HITPOINT WARNING * * *
Your sixfirhy hits the ynoxinul!
The ynoxinul dies!
The ufetubus disappears in a puff of smoke! x2
Your sixfirhy misses Semn. Your sixfirhy hits Semn!
Your sixfirhy shocks Semn.
Semn resists.
You block Semn's attack.
Your sixfirhy misses Semn.
Semn is distracted by your dazzling golden aura.
Your neqoxec hits Perch! Your sixfirhy misses Semn. Perch hits your neqoxec!!
You block the cacodemon's attack. x2; Your sixfirhy hits Semn!
Your sixfirhy shocks Semn.
Semn resists.
Semn is no longer distracted by gold.
Your neqoxec hits Perch. Perch hits your neqoxec!!
Your neqoxec dies!
Your neqoxec disappears in a puff of smoke!
You feel much better.
Visions of slaying Perch flood into your mind.
Midymn is no longer distracted by gold.
Kieten is no longer distracted by gold.
Semn is distracted by your dazzling golden aura.
Midymn gestures at you. The bolt of fire hits you! You resist.
* * * LOW HITPOINT WARNING * * *
The bolt of fire hits your sixfirhy!!!
Your sixfirhy dies!
Your sixfirhy disappears in a puff of smoke!
Kieten gestures.
Lightning arcs from Kieten's claws!
The bolt of lightning hits you!!! You resist.
You die...
Your body crumbles into a pile of gold.

▓....©....▓
▓..:[§§§§:..▓▓▓▓▓▓▓▓▓▓▓
▓..§§|§§§☼..▓...8©8...▓
▓..§.§§.§§..▓..|.)=)..▓
▓..§§...§§..▓...|[....▓
▓...☼.§.§...▓.........▓
...§$§.....▓.........▓
▓.&2&§▓ ▓....$....▓
▓▓$♣&▓▓ ▓.........▓
▓..▓.$&☼°▓..▓.▓.....▓.▓
▓....§©.....▓....©....▓
▓▓▓▓▓▓▓▓▓▓▓▓▓▓▓▓▓▓▓▓▓▓▓
▓...8©8...▓.~.8©8~..▓..
▓...))))}.▓.~)[))|~.▓..
▓..).}.)..▓~.[~)[~.~▓..
▓.........▓.~~......▓..
▓.........▓....~.).~▓..


You could see Kieten (unsilenced), Midymn (unsilenced), Perch (mesmerising,
silencing, unsilenced, unaware, misshapen), Semn (clouds, unaware, misshapen)
and a cacodemon (unsilenced, unaware).

Vanquished Creatures
  A Tzitzimitl (D)
  A death cob (D)
  2 green draconians (D)
  A white draconian (D)
  A yellow draconian (D)
  A merfolk javelineer (D)
  A merfolk impaler (D)
  An anaconda (D)
  A merfolk aquamancer (D)
  2 two-headed ogres (D)
  3 naga warriors (D)
  A sea snake (D)
  A shining eye (D)
  A manticore (D)
  5 draconians (D)
  A guardian serpent (D)
  A rust devil (D)
  An eye of devastation (D)
  A komodo dragon (D)
  2 trolls (D)
  A wind drake (D)
  Sigmund (D)
  A yak (D)
  A chaos spawn (D)
  2 floating eyes (D)
  4 hell hounds (D)
  A wolf (D)
  3 jellies (D)
  3 iron imps (D)
  Jessica (D)
  An iguana (D)
  A river rat (D)
  An adder (D)
  A white imp (D)
  An ufetubus (D)
  2 ball pythons (D)
  A bat zombie (D)
  2 endoplasms (D)
  A jackal (D)
58 creatures vanquished.

Vanquished Creatures (collateral kills)
  A merfolk avatar (D)
  A naga warrior (D)
  A two-headed ogre (D)
  3 draconians (D)
  A shining eye (D)
  2 guardian serpents (D)
  A merfolk (D)
  A snapping turtle (D)
  A ynoxinul (D)
  A hell hound (D)
  An iron imp (D)
  A white imp (D)
  A bat zombie (D)
  A ball python zombie (D)
17 creatures vanquished.

Vanquished Creatures (others)
  A pandemonium lord (D)
  A yellow draconian (D)
  A merfolk javelineer (D)
  A shadow demon (D)
  A draconian (D)
  A ynoxinul (D)
  An endoplasm (D)
7 creatures vanquished.

Grand Total: 82 creatures vanquished

Notes
Turn   | Place    | Note
-------+----------+-------------------------------------------
     0 | D        | retardedninja the Minotaur Fighter began the quest for the
                  | Orb.
     0 | D        | Reached XP level 1. HP: 19/19 MP: 0/0
     3 | D        | Found a blossoming altar of Fedhas.
     3 | D        | Found the +6 Majin-Bo {spellvamp, MP+6 Int+6}
     3 | D        | Found the +27 heavy crossbow "Sniper" {heavy, Acc+∞ SInv}
     3 | D        | Found the +10 dark maul {heavy}
     3 | D        | Found the +15 Maxwell's patent armour {-Cast -Tele rElec
                  | Will+ rCorr}
     3 | D        | Found the +18 shield of the Gong {Loud rN+ Will+ rCorr
                  | EV-5}
     3 | D        | Found the +16 obsidian axe {drain, demonic, Mesm Drain Fly
                  | SInv}
     3 | D        | Found the +7 great mace "Firestarter" {flame, inner flame,
                  | rFlCloud rF++}
     3 | D        | Found the +6 shillelagh "Devastator" {shatter}
     3 | D        | Found the +11 plutonium sword {Contam Stlth-}
     3 | D        | Found the +8 lance "Wyrmbane" {slay drac, rPois rF+ rC+
                  | AC+3}
     3 | D        | Found the +9 sword of Zonguldrok {reap}
     3 | D        | Found the +13 scythe of Curses {drain, curses, Drain}
     3 | D        | Found the +9 sword of Power {lifebolt}
     3 | D        | Found the +7 mace of Variability {chaos, chain chaos}
     3 | D        | Found the +11 Singing Sword {sonic wave}
     3 | D        | Found the +8 storm bow {elec, penet}
    29 | D        | Found a shimmering blue altar of Sif Muna.
    29 | D        | Found a sacrificial altar of Ru.
    29 | D        | Found a bloodstained altar of Trog.
    29 | D        | Found a stormy altar of Qazlal.
    29 | D        | Found an iron altar of Okawaru.
    29 | D        | Found a sparkling altar of Nemelex Xobeh.
    31 | D        | Found a transporter.
    31 | D        | Found an ancient bone altar of Kikubaaqudgha.
    31 | D        | Found a viscous altar of Jiyva.
    31 | D        | Found a corrupted altar of Lugonu.
    31 | D        | Found a hazy altar of Hepliaklqana.
    31 | D        | Found a burning altar of Makhleb.
    31 | D        | Found an opulent altar of Gozag.
   124 | D        | Became a worshipper of Gozag Ym Sagoz the Greedy
   133 | D        | Entered arena 2.
   133 | D        | Noticed Sigmund
   133 | D        | Noticed Jessica
   133 | D        | Found a transporter.
   135 | D        | Killed Jessica
   136 | D        | Reached skill level 5 in Fighting
   136 | D        | Reached skill level 3 in Axes
   136 | D        | Reached skill level 5 in Armour
   136 | D        | Reached skill level 5 in Shields
   136 | D        | Reached XP level 2. HP: 29/29 MP: 1/1
   136 | D        | Killed Sigmund
   137 | D        | Reached skill level 5 in Axes
   137 | D        | Reached XP level 3. HP: 40/40 MP: 2/2
   137 | D        | Reached XP level 4. HP: 48/48 MP: 3/3
   137 | D        | Reached XP level 5. HP: 53/53 MP: 4/4
   151 | D        | Entered arena 3.
   151 | D        | Noticed a floating eye
   151 | D        | Noticed a floating eye
   151 | D        | Found a transporter.
   154 | D        | Killed a floating eye
   154 | D        | Paralysed by a floating eye for 2 turns
   155 | D        | Reached skill level 6 in Axes
   155 | D        | Reached XP level 6. HP: 62/63 MP: 5/5
   157 | D        | Killed a floating eye
   158 | D        | Reached skill level 7 in Axes
   158 | D        | Reached skill level 10 in Shields
   174 | D        | Entered arena 4.
   174 | D        | Found a transporter.
   179 | D        | Reached skill level 10 in Fighting
   179 | D        | Reached skill level 10 in Armour
   196 | D        | Entered arena 5.
   196 | D        | Found the +8 demon trident "Rift" {distort, reach+}
   196 | D        | Noticed a hell hound
   196 | D        | Noticed a hell hound
   196 | D        | Found a transporter.
   199 | D        | Killed a hell hound
   200 | D        | Reached skill level 8 in Axes
   200 | D        | Reached XP level 7. HP: 62/73 MP: 6/6
   201 | D        | Reached skill level 9 in Axes
   215 | D        | Entered arena 6.
   215 | D        | Noticed a troll
   215 | D        | Noticed a two-headed ogre
   215 | D        | Noticed a troll
   215 | D        | Noticed a two-headed ogre
   215 | D        | Noticed a two-headed ogre
   215 | D        | Found a transporter.
   219 | D        | Killed a two-headed ogre
   220 | D        | Reached skill level 11 in Axes
   220 | D        | Reached XP level 8. HP: 83/83 MP: 7/7
   220 | D        | Killed a troll
   221 | D        | Killed a troll
   221 | D        | Killed a two-headed ogre
   222 | D        | Reached skill level 13 in Axes
   222 | D        | Reached skill level 1 in Stealth
   222 | D        | Reached XP level 9. HP: 92/92 MP: 8/8
   222 | D        | Killed a two-headed ogre
   223 | D        | Reached skill level 14 in Axes
   275 | D        | Entered arena 7.
   275 | D        | Found the +4 moon troll leather armour {Spirit, Regen++
                  | MP+5}
   275 | D        | Noticed a yellow draconian
   275 | D        | Noticed a yellow draconian
   275 | D        | Noticed a draconian
   275 | D        | Noticed a white draconian
   275 | D        | Noticed a draconian
   275 | D        | Noticed a draconian
   280 | D        | Killed a draconian
   281 | D        | Reached skill level 15 in Axes
   282 | D        | Found a transporter.
   284 | D        | Killed a draconian
   284 | D        | Noticed a red devil
   289 | D        | Killed a white draconian
   290 | D        | Reached skill level 16 in Axes
   290 | D        | Reached skill level 1 in Evocations
   290 | D        | Reached XP level 10. HP: 87/102 MP: 9/9
   292 | D        | Killed a draconian
   296 | D        | Killed a yellow draconian
   297 | D        | Reached skill level 17 in Axes
   301 | D        | Killed a yellow draconian
   302 | D        | Reached skill level 5 in Stealth
   447 | D        | Got the Grimoire of Indurated Leadership
   459 | D        | Entered arena 8.
   460 | D        | Found a transporter.
   496 | D        | Entered arena 9.
   497 | D        | Found a transporter.
   505 | D        | Reached skill level 18 in Axes
   573 | D        | Entered arena 10.
   573 | D        | Noticed a shining eye
   573 | D        | Noticed a shining eye
   573 | D        | Noticed an eye of devastation
   573 | D        | Gained mutation: Armour fits poorly on your strangely
                  | shaped body. [a shining eye]
   577 | D        | Found a transporter.
   580 | D        | Killed a shining eye
   583 | D        | Killed an eye of devastation
   583 | D        | Gained mutation: Your magical capacity is low. (-10% MP) [a
                  | shining eye]
   585 | D        | Killed a shining eye
   586 | D        | Reached XP level 11. HP: 106/111 MP: 8/8
   615 | D        | Entered arena 11.
   615 | D        | Noticed a green draconian
   615 | D        | Noticed a death cob
   615 | D        | Noticed a green draconian
   623 | D        | Killed a death cob
   624 | D        | Reached skill level 15 in Fighting
   624 | D        | Reached skill level 19 in Axes
   624 | D        | Reached skill level 15 in Shields
   625 | D        | Killed a green draconian
   632 | D        | Reached skill level 20 in Axes
   632 | D        | Killed a green draconian
   702 | D        | Found a transporter.
   723 | D        | Got Sif Muna's Parchment of the Unlucky Valley
   732 | D        | Entered arena 12.
   732 | D        | Found the +1 robe of Vines {NoPotionHeal Regen++++}
   732 | D        | Noticed a sea snake
   732 | D        | Noticed a merfolk aquamancer
   733 | D        | Noticed a merfolk avatar
   733 | D        | Noticed a merfolk impaler
   733 | D        | Identified the +5 sling of Massacring {heavy, rPois rN+
                  | Will+ Dex-3}
   733 | D        | Noticed a merfolk javelineer
   733 | D        | Noticed a merfolk javelineer
   736 | D        | Found a transporter.
   741 | D        | Killed a merfolk javelineer
   744 | D        | Killed a merfolk aquamancer
   744 | D        | Killed a sea snake
   750 | D        | Killed a merfolk impaler
   751 | D        | Reached skill level 21 in Axes
   751 | D        | Reached skill level 15 in Armour
   751 | D        | Reached XP level 12. HP: 26/125 MP: 9/9
   751 | D        | Killed a merfolk avatar
   754 | D        | Killed a merfolk javelineer
   898 | D        | Reached XP level 13. HP: 133/133 MP: 10/10
   905 | D        | Entered arena 13.
   906 | D        | Identified the +6 war axe of the Hero {flame, *Slow rN+
                  | Will+ SInv}
   907 | D        | Found a transporter.
  1055 | D        | Entered arena 14.
  1056 | D        | Noticed Egues the pandemonium lord
  1056 | D        | Noticed Semn the pandemonium lord
  1056 | D        | Noticed a cacodemon
  1056 | D        | Noticed a Tzitzimitl
  1056 | D        | Noticed Perch the pandemonium lord
  1056 | D        | Noticed Midymn the pandemonium lord
  1057 | D        | Noticed Kieten the pandemonium lord
  1064 | D        | Killed a Tzitzimitl
  1065 | D        | Reached skill level 22 in Axes
  1065 | D        | Reached skill level 1 in Dodging
  1065 | D        | Killed Egues the pandemonium lord
  1066 | D        | HP: 10/205 [Semn the pandemonium lord (5)]
  1067 | D        | HP: 4/204 [Semn the pandemonium lord (16)]
  1069 | D        | Killed from afar by Kieten the pandemonium lord

Illustrated notes

Levels and vault maps discovered:
D:        sprint_v [room_start, room_1, room_2, room_3, room_4, room_5, room_6,
          room_7, room_8, room_9, room_10, room_11, room_12, room_13, room_14,
          room_15, room_16, room_17, room_18, room_19, room_20, room_21,
          room_22, room_23, room_24, room_25, room_26, room_27]

Skill      XL: |  1  2  3  4  5  6  7  8  9 10 11 12 13 |
---------------+----------------------------------------+-----
Fighting       | 5 8 9 10 11 12 13 14 17 19 | 19.2
Axes           | 3 5 6 8 11 13 16 18 21 22 | 22.2
Armour         | 5 8 9 10 11 12 13 15 16 | 16.5
Shields        | 5 8 9 10 11 12 13 14 16 17 18 | 18.7
Stealth        | 1 3 7 8 |  8.6
Evocations     | 1 2 3 |  3.2
Polearms       | 4 |  4.9
Dodging        | 2 |  2.7

Action                     |  1- 3 |  4- 6 |  7- 9 | 10-12 | 13-15 || total
---------------------------+-------+-------+-------+-------+-------++-------
  Melee: Broad axe         |     2 |     7 |    12 |    52 |    14 ||    87
         Headbutt          |       |       |       |     5 |     2 ||     7
 Invoke: Potion Petition   |       |       |       |     1 |     1 ||     2
  Evoke: Wand              |       |       |     4 |     1 |       ||     5
         Box of beasts     |       |       |       |     1 |       ||     1
         Condenser vane    |       |       |       |       |     1 ||     1
    Use: Potion            |       |       |     3 |    10 |     3 ||    16
         Scroll            |       |       |       |     6 |       ||     6
   Stab: Distracted        |       |       |     1 |       |     1 ||     2
         Invisible         |       |       |     5 |     3 |       ||     8
 Armour: Gold dragon scale |     1 |     7 |     4 |    11 |     5 ||    28
         Skin              |       |       |       |       |     7 ||     7
  Dodge: Dodged            |       |       |       |     1 |     4 ||     5
  Block: Kite shield       |     2 |     7 |    15 |    68 |    45 ||   137

Table legend: (Time is in decaauts)
 A = Elapsed time spent in this place.
 B = Non-inter-level travel time spent in this place.
 C = Inter-level travel time spent in this place.
 D = Time resting spent in this place.
 E = Time spent auto-exploring this place.
 F = Levels seen in this place.
 G = Mean time per level.
                   A        B        C        D        E       F      G
               +--------+--------+--------+--------+--------+-----+--------+
         Total |   1085 |   1085 |      0 |    360 |    164 |   1 | 1085.0 |
       Dungeon |   1085 |   1085 |      0 |    360 |    164 |   1 | 1085.0 |
               +--------+--------+--------+--------+--------+-----+--------+

Top non-repeatable levels by time:
       D: 1085 daAuts
